AoeStats
← isarco25girasoles

Arabia

510375601Analyzed
1v1 RM · 1d ago on Sep 30, 2026· 59m 43s· 2 players
Game mode
Random Map
Map size
Tiny (2 player)
Population
200
Speed
Normal
Resources
Standard
Victory
Conquest
Starting age
Dark Age
Ending age
Imperial Age
RankedLock teamsTeams togetherTeam positionsShared explorationLock speedFull tech treeHidden civsTurbo modeCheats
Victory
Defeat
🇨🇿 Hindustanis · Czechia
733
+16
🇨🇴 Shu · Colombia
723
-16
isarco25girasoles
13:20 Feudal Age
14:10 Double-Bit Axe
14:08 Horse Collar
15:47 Man-at-Arms
17:09 Gold Mining
21:08 Stone Mining
21:42 Forging
24:16 Castle Age
23:13 Scale Mail Armor
27:29 Wheelbarrow
28:05 Long Swordsman
28:07 Pikeman
29:05 Chain Mail Armor
29:09 Hand Cart
28:58 Heavy Plow
29:12 Bow Saw
29:28 Hand Cart
34:04 Imperial Age
34:33 Fortified Wall
37:22 Chemistry
42:43 Siege Engineers
43:25 Scale Barding Armor
43:56 Padded Archer Armor
47:23 Ballistics
49:54 Plate Mail Armor
49:16 Fletching
51:08 Murder Holes
51:56 Halberdier
52:37 Squires
53:29 Bodkin Arrow
53:57 Chain Barding Armor
56:00 Two-Man Saw
54:38 Light Cavalry
55:17 Gambesons
57:20 Leather Archer Armor
E=mc²
12:25 Feudal Age
16:52 Castle Age
18:05 Loom
22:32 Double-Bit Axe
22:50 Gold Mining
23:17 Horse Collar
29:19 Imperial Age
31:41 Wheelbarrow
33:22 Gold Shaft Mining
34:27 Bow Saw
38:44 Heavy Plow
39:58 Scale Barding Armor
40:04 Forging
39:56 Scale Mail Armor
44:16 Chain Barding Armor
44:32 Iron Casting
44:30 Conscription
45:04 Bloodlines
48:03 Hand Cart
50:57 Plate Barding Armor
50:23 Scale Mail Armor
51:24 Blast Furnace
50:31 Stone Mining
50:50 Town Watch
53:26 Chemistry
52:24 Murder Holes
52:50 Ballistics
52:58 Husbandry
52:21 Heavy Camel Rider
55:06 Shatagni
55:10 Grand Trunk Road
56:49 Chain Mail Armor
56:25 Fletching
56:15 Imperial Camel Rider
Connection lost

Rejoining the realm…

Still unreachable

The connection could not be restored.

Session expired

The server has moved on; the page needs a fresh start.